Workbook
Name Excel_BuiltIn_Print_Area: 'Anexo V C2 EPR'!$B$3:$K$74
Name Excel_BuiltIn_Print_Area: 'Anexo V C3 EAIF (Dev)'!$B$1:$C$49
Name Excel_BuiltIn_Print_Area: 'Anexo V C4 EAIF (Caja)'!$B$1:$C$49
Name Excel_BuiltIn_Print_Area: 'Anexo V C5.1 DP'!$B$1:$I$25
Name Excel_BuiltIn_Print_Area: 'Anexo V C6.1 EST'!$B$1:$C$41
Name Excel_BuiltIn_Print_Area: 'Anexo V C7 EMT'!$B$1:$C$43
Name Excel_BuiltIn_Print_Area: 'Anexo V C8 EPG'!$B$1:$H$87
Name Excel_BuiltIn_Print_Area: 'EJEC PRESUPUESTARIA RECURSOS'!$A$1:$I$162
Name Excel_BuiltIn_Print_Titles: ('Anexo V C3 EAIF (Dev)'!$B$1:$C$65330,'Anexo V C3 EAIF (Dev)'!$B$1:$IR$8)
Name Excel_BuiltIn_Print_Titles: ('Anexo V C4 EAIF (Caja)'!$B$2:$C$65360,'Anexo V C4 EAIF (Caja)'!$B$2:$IR$8)

Sheet Indice
A1: Indice | C1: Aclaraciones del Documento
A2: Carga de datos | D2: Conclusiones
B3: Datos | C3: Datos cuenta de inversión
B4: LP | C4: Ley de Presupuesto
B5: DAR | C5: Distribución Analítica de Recursos
B6: DAG | C6: Distribución Analítica de Gastos
B7: MPG | C7: Modificaciones Presupuestarias Gastos
B8: MPR | C8: Modificaciones Presupuestarias Recursos | N8: 100 | O8: =+N8*365.5 -> 36550 | P8: =+O8*14 -> 511700
B9: Anexo ESP | C9: Anexo IV Estado de Situación Patrimonial | N9: 115 | O9: =+N9*365.5 -> 42032.5 | P9: =+O9*14 -> 588455
B10: Anexo ERec | C10: Anexo IV Estado de Recursos y Gastos (Recursos) | N10: 120 | O10: =+N10*365.5 -> 43860 | P10: =+O10*14 -> 614040 | Q10: =+P10-P9 -> 25585
B11: Anexo EGs | C11: Anexo IV Estado de Recursos y Gastos (Gastos) | N11: 125 | O11: =+N11*365.5 -> 45687.5 | P11: =+O11*14 -> 639625
B12: Anexo EEPN | C12: Anexo IV Estado de Evolución de Patrimonio Neto
B13: Anexo V C1 EPG | C13: Anexo V Cuadro 1 Ejecución Presupuestaria de Gastos
B14: Anexo V C2 EPR | C14: Anexo V Cuadro 2 Ejecución Presupuestaria de Recursos
B15: Anexo V C3 EAIF (Dev) | C15: Anexo V Cuadro 3 Esquema Ahorro Inversión Financiamiento (Base Devengado)
B16: Anexo V C4 EAIF (Caja) | C16: Anexo V Cuadro 3 Esquema Ahorro Inversión Financiamiento (Base Caja)
B17: Anexo V C5.1 DP | C17: Anexo V Cuadro 5.1 Estado de Deuda Pública
B18: Anexo V C5.2 EDP | C18: Anexo V Cuadro 5.2 Estado de Evolución de Deuda Pública
B19: Anexo V C6.1 EST | C19: Anexo V Cuadro 6.1 Estado de Situación del Tesoro
B20: Anexo V C7 EMT | C20: Anexo V Cuadro 7 Estado de Movimientos de Tesoro
B21: Anexo V C8 EPG | C21: Anexo V Cuadro 8 Ejecución Presupuestaria de Gastos por Partida principal y parcial
B22: Anexo V C9 EPR | C22: Anexo V Cuadro 9 Ejecución Presupuestaria de Recursos por rubros desagregados
A23: Cruce de datos y analisis | D23: Conclusiones
B24: Crédito | C24: Crédito Presupuestario
B25: Crédito | C25: 1. Crédito Original | D25: =+Crédito!B9 -> sasfas
B26: Crédito | C26: 2. Crédito Vigente | D26: =+Crédito!B92 -> sdfasdf
B27: AEPG | C27: Análisis Ejecución Presupuestaria Gastos
B28: AEPG | C28: 2. Cruce Montos | D28: =+AEPG!C27 -> dg
B29: AEPG | C29: 3. Credito vigente vs devengado | D29: =+AEPG!C97 -> gdf
B30: AEPG | C30: 4. Monto Pagado | D30: =+AEPG!C112 -> gdf
B31: Inc.1 | C31: Inciso 1
B32: Inc.1 | C32: 1. Planta Ocupada | D32: =+Inc.1!B7 -> No se ha superado el limite fijado por ley
B33: Inc.1 | C33: 2. Gasto Auditado | D33: =+Inc.1!B28 -> Se ha analizado el 90% del gasto en inciso 1
B34: Inc.2 | C34: Inciso 2
B35: Inc.2 | C35: 1. Gasto Auditado | D35: =+Inc.2!B9 -> Se ha analizado el 90% del gasto en inciso 2
B36: Inc.3 | C36: Inciso 3
B37: Inc.3 | C37: 1. Gasto Auditado | D37: =+Inc.3!B9 -> Se ha analizado el 90% del gasto en inciso 3
B38: Inc.4 | C38: Inciso 4
B39: Inc.4 | C39: 1. Gasto Auditado | D39: =+Inc.4!B9 -> Se ha analizado el 90% del gasto en inciso 4
B40: Inc.4 | C40: 2. 4.2 Partida Construcciones
B41: Inc.5 | C41: Inciso 5
B42: Inc.5 | C42: 1. Gasto Auditado | D42: =+Inc.5!B9 -> Se ha analizado el 90% del gasto en inciso 5
B43: Inc.6 | C43: Inciso 6
B44: Inc.6 | C44: 1. Gasto Auditado | D44: =+Inc.6!B11 -> Se ha analizado el 90% del gasto en inciso 6
B45: Inc.7 | C45: Inciso 7
B46: Inc.7 | C46: 1. Gasto Auditado | D46: =+Inc.7!B9 -> Se ha analizado el 90% del gasto en inciso 7
B47: Inc.8 | C47: Inciso 8
B48: Inc.8 | C48: 1. Gasto Auditado | D48: =+Inc.8!B7 -> Se ha analizado el 90% del gasto en incis
B49: Inc.9 | C49: Inciso 9
B50: Inc.9 | C50: 1. Gasto Auditado | D50: =+Inc.9!B7 -> Se ha analizado el 90% del gasto en inciso 7
B51: AEPR | C51: Análisis Ejecución Presupuestaria de Recursos
B52: AEPR | C52: 1. Cruce Cuadro 2 y Cuadro 9 | D52: =+AEPR!B29 -> Se ha analizado el 90% del gasto en inciso 7
B53: AEPR | C53: 2. Recurso Auditado | D53: =+AEPR!B33 -> Se ha analizado el 90% del gasto en inciso 7
B54: ADP | C54: Análisis Deuda Pública
B55: ADP | C55: 1. Stock inicial | D55: =+ADP!B8 -> 0
B56: ADP | C56: 2. Cruce C5.1 y C5.2 | D56: =+ADP!B24 -> 0
B57: ADP | C57: 3. Variación Deuda Anual | D57: =+ADP!B40 -> 0
B58: ADP | C58: 4. Cruce con Inciso 7 Gastos | D58: =+ADP!B62 -> 0
B59: ADP | C59: 5. Pagos | D59: =+ADP!B66 -> 0
B60: ADP | C60: 6. Controles Aritméticos | D60: =+ADP!B70 -> 0
B61: ADP | C61: 7. Control incremento deuda | D61: =+ADP!B74 -> 0
B62: ADP | C62: 8. Control cruzado desembolsos | D62: =+ADP!B78 -> 0
B63: AST | C63: Análisis de Estado Situación del Tesoro
B64: AST | C64: Valores Activos
B65: AST | C65: 1. Saldos | D65: =+AST!B22 -> Se comprobó la igualdad entre los saldos finales del Estado de Movimientos del Tesoro, con los valores en el Estado de Situación del Tesoro al cierre de Caja y Bancos. El resultado fue positivo. Se verifico documentación de respaldo
B66: AST | C66: 2. Créditos | D66: =+AST!B44 -> por medio de RFE Nº 66/2022 se constituyó nuevo plazo fijo, incorporando el saldo acumulado del plazo fijo anterior (fs 434/5)
B67: AST | C67: Valores Pasivos
B68: AST | C68: 1. Deuda Flotante/Pasivos | D68: =+AST!B79 -> Se ha podido constatar los importes expuestos en valores pasivos
B69: AEMT | C69: Análisis Estado Movimientos del Tesoro
B70: AEMT | C70: 1. Saldos Iniciales
B71: AEMT | C71: 2. Ingresos presupuestarios | D71: =+AEMT!B19 -> Los ingresos son coincidentes con los montos verificados en el análisis de los recursos percibidos y registrados.
B72: AEMT | C72: 3. Ingresos no presupuestarios | D72: =+AEMT!B24 -> no posee
B73: AEMT | C73: 4. Egresos no presupuestarios | D73: =+AEMT!B35 -> 0
B74: AEMT | C74: 5. Egresos no presupuestarios | D74: =+AEMT!B41 -> no posee
B75: AEMT | C75: 6. Saldo Final | D75: =+AEMT!B67 -> no posee
B76: AEAIF | C76: Análisis EAIF (Base Caja y Devengado)
B77: AEAIF | C77: 1. Recursos | D77: =+AEAIF!B24 -> no se refleja en el AIF percibido las Contribuciones Figurativas p/ fin. Aplic. Financieras
B78: AEAIF | C78: 2. Gastos Corrientes | D78: =+AEAIF!B42 -> no se refleja en el AIF percibido las Contribuciones Figurativas p/ fin. Aplic. Financieras
B79: AEAIF | C79: 3. Gastos de Capital | D79: =+AEAIF!B65 -> no se refleja en el AIF percibido las Contribuciones Figurativas p/ fin. Aplic. Financieras
B80: AEAIF | C80: 4. Gastos Figurativos | D80: =+AEAIF!B81 -> no se refleja en el AIF percibido las Contribuciones Figurativas p/ fin. Aplic. Financieras
B81: AEAIF | C81: 5. Fuentes de Financiamiento | D81: =+AEAIF!B93 -> Las Fuentes de Financiamiento, en el AIF Devengado, son consecuencia del aumento de los pasivos, y es coincidente con la diferencia en cada uno de los incisos, entre lo devengado y lo pagado (del estado de ejecución de gastos), mas .-
B82: AEAIF | C82: 6. Disminución de Disponibilidades | D82: =+AEAIF!B99 -> 0
B83: AEAIF | C83: 7. Aplicaciones financiera | D83: =+AEAIF!B107 -> 0
B84: AEAIF | C84: 8. Amortización de la deuda y disminución de otros pasivos | D84: =+AEAIF!B113 -> Coincide este total con el pago de deuda del ejercicio anterior (Obligaciones del Tesoro)
B85: ESP | C85: Estado Situación Patrimonial
B86: ERYG | C86: Estado de Recursos y gastos
B87: EEPN | C87: Estado de Evolución Patrimonio Neto

Sheet Datos
A1: Volver al Índice
B3: Organismo | D3: Fiscalia de estado
B4: Expediente interno | D4: 164-TCP-2023
B5: Informe Contable CI | D5: 180/2024 Let…
B6: Expediente Externo
B7: Cuenta de inversión | C7: Acto Admin. | D7: Disposici Nº 124/2024
C8: Fecha | D8: 31/03/2024
C9: Suscribiente | D9: sucre
C10: Carácter | D10: Presidente
C11: Fojas | D11: 545-580
B12: Responsabilidad Fiscal | C12: Fojas

Sheet ACLARACIONES
A1: Volver al Índice
B3: ACLARACIONES SOBRE EL PRESENTE ARCHIVO
B5: El presente archivo consta de dos partes definidas: 1. Carga de dato y 2. Cruce de datos y análisis
B6: En la sección 1 se deberá cargar toda la información relativa al expediente, ley de presupuesto, distribución analítica de créditos, cuenta de inversión, etc., que deberá alimentar el resto de las planillas integrantes, a los efectos de evitar los errores de copiado manuales, y la duplicidad de la carga.
B9: Cuadros Cuenta de Inversión
B10: Cada solapa contiene los anexos exigidos por la Resolución de Contaduría General (RCG N.º 163/21)
B11: Los Estados de Ejecución Presupuestaria de Recursos y Gastos se han confeccionado con la función agrupar a los efectos de que se expanda o retraiga la exposición de los incisos/rubros de acuerdo a la necesidad de exposición en cada caso. Se pueden ocultar filas en caso de ser necesario, pero NO eliminar las mismas.
B12: Los mismos no contienen fórmulas. Se deben transcribir manualmente con los estados presentados por el organismo bajo control.
B13: Cada planilla tiene una “zona check” (que puede ser vertical/horizontal según corresponda). La misma busca detectar inconsistencias de sumatorias de los estados a los efectos de facilitar la tarea de carga. En caso de que las inconsistencias sean fiel reflejo de lo presentado por el organismo, cumple la función de resaltar las mismas como parte de la tarea de control.
B14: Cada planilla cargada se deberá linkear con las solapas de análisis a los efectos de evitar la duplicidad en el ingreso de los datos.
B15: Los estados deben ser pegados en el Informe (archivo WORD) de acuerdo a las recomendaciones efectuadas por el área de sistemas (Pegado especial – Mapa de bits). En caso de tener que editar un estado (por ejemplo incorporar encabezado para los casos en que se requiere más de una hoja) se deberá hacer en una hoja de Excel aparte a los efectos de no alterar las estructuras de los presentes estados.
B16: Las leyendas debajo de los cuadros con información del acto administrativo y de los expedientes, se autocompletan habiendo cargado la planilla DATOS
B20: Papeles de Trabajo
B21: Los papeles de trabajo son sugeridos y contienen procedimientos mínimos a cubrir. Se podrán pegar papeles de trabajo realizados en otros archivos durante el ejercicio, así como también se podrá implementar este archivo para la compilación de información que se obtiene durante la tarea habitual y diaria de control, en forma resumida. Se evitó la parametrización de formularios tipos preestablecidos, atento a que cada organismo puede contar con características específicas que deben quedar plasmadas en los papeles de trabajo y a su vez, se evita el copiado de datos ya analizados en otros formatos.

Sheet LP
A1: Volver al Índice
A3: Ley de Presupuesto Nº xxxxx
A5: Nota: Se podrán agregar los artículos relacionados al organismo bajo control cuyo tarea de control pudiera quedar plasmada en los presentes papeles de trabajo.
A7: Planta de personal
A8: Artículo Nº | B8: Planta Designada

Sheet DAR
A1: Volver al Índice
A3: DISTRIBUCIÓN ANALITICA DE RECURSOS
A4: Anexo II - Decreto Nº xxx
A6: Organismo
A8: Partida | B8: Denominación | C8: 2023
A9: 1 | B9: RUBRO I
A10: 1 1 | B10: Ingresos tributarios
A11: 1 1 1 | B11: Sobre los Ingresos
A12: 1 1 1 1 | B12: Ganancias
A13: 1 1 1 1 1 | B13: Gan. Ley N.º 23.548 – Rentas Generales
A14: 1 1 1 1 2 | B14: Gan. Ley N.º 23.548 – Copa. Municipios
A15: 1 1 1 1 3 | B15: Gan. Ley N.º 24.073 – Fdo. Infra. Básica
A16: 1 1 1 1 9 | B16: Ganancias – Otras Afectaciones
A17: 1 1 1 2 | B17: Ganancia Mínima Presunta
A18: 1 1 1 2 1 | B18: Gan. Mín. Pres. Ley N.º 23.548 – Rentas Gen.
A19: 1 1 1 2 2 | B19: Gan. Mín. Pres. Ley N.º 23.548 – Copar.
A20: 1 1 1 2 9 | B20: Gan. Mín. Pres. – Otras Afectaciones
A21: 1 1 1 3 | B21: Premios Juegos de Azar y Conc. Deportivos
... A444: 1 7 6 2 7 | B444: De Org. Int. - Corporación andina de fomento
A445: 2 | B445: RUBRO II
A446: 2 1 | B446: Recursos propios de capital
A447: 2 1 1 | B447: Venta de Bienes
A448: 2 1 1 1 | B448: Venta de Tierras y Terrenos
A449: 2 1 1 1 1 | B449: Venta de Tierras y Terrenos
A450: 2 1 1 2 | B450: Venta de Edificios e Instalaciones
A451: 2 1 1 3 | B451: Venta de Maquinarias y Equipos
A452: 2 1 1 4 | B452: Ventas de Activos Intangibles
A453: 2 1 1 5 | B453: Ventas de Equipos de Seguridad
A454: 2 1 1 9 | B454: Ventas de Otros Bienes
A455: 2 1 3 | B455: Amortizaciones y Depreciaciones
A456: 2 1 3 1 | B456: Depreciación Acumulada
A457: 2 1 3 2 | B457: Amortización Acumulada
... A515: 2 2 6 2 3 | B515: De ort. Int. Europeaid Financiamiento 177
A516: 3 | B516: RUBRO III
A517: 3 1 | B517: Venta de títulos y valores
A518: 3 1 1 | B518: Venta de Títulos y Valores de Corto Plazo
A519: 3 1 2 | B519: Venta de Títulos y Valores de Largo Plazo
A520: 3 1 2 1 | B520: Venta de Títulos y Valores de Largo Plazo Bonos Nacionales
A521: 3 2 | B521: Venta de acciones y participaciones de capital
A522: 3 2 1 | B522: De Empresas Privadas
A523: 3 2 2 | B523: De Instituciones Públicas Financieras
A524: 3 2 3 | B524: De Empresas Públicas no Financieras
A525: 3 2 4 | B525: De Empresas Públicas Multinacionales
A526: 3 2 5 | B526: De Organismos Internacionales
A527: 3 2 6 | B527: De Otras Empresas del Sector Externo
A528: 3 3 | B528: Recupero prestamos de corto plazo
... A709: 3 9 3 4 | B709: Incremento de Rtdo. INFUETUR
A710: 4 | B710: RUBRO IV
A711: 4 1 | B711: Contribuciones figurativas
A712: 4 1 1 | B712: Contrib. Fig. Para Financiar Gastos Corrientes
A713: 4 1 1 1 | B713: Contrib. Admin. Central p/ Financiar Gs. Corrientes
A714: 4 1 1 2 | B714: Contrib. Instit. Descent. p/ Financiar Gs. Corrientes
A715: 4 1 1 3 | B715: Contrib. Instit. Seg. Social p/ financiar Gs. Corrientes
A716: 4 1 2 | B716: Contrib. Fig. p/ Financiar Gastos De Capital
A717: 4 1 2 1 | B717: Contrib. Admin. Central p/ Financiar Gs. de Capital
A718: 4 1 2 2 | B718: Contrib. Instit. Descent. P/ financiar Gastos de Capital
A719: 4 1 2 3 | B719: Contrib. Instit. Seg.Social p/ financiar Gs. de Capital
A720: 4 1 3 | B720: Contrib. Fig. Para Financiar Aplicaciones Financieras
A721: 4 1 3 1 | B721: Contrib. Admin. Central p/ Financiar Aplic. Finan.
A722: 4 1 3 2 | B722: Contrib. Instit. Descent. p/ Financiar Aplic. Finan.
A723: 4 1 3 3 | B723: Contrib. Instit. Seg. Social p/ financiar Aplic. Financ.

Sheet DAG
A1: Volver al Índice
A3: DISTRIBUCIÓN ANALITICA DE GASTOS
A4: Anexo I - Decreto Nº xxx
A7: Organismo
A9: Unidad de Crédito
A10: Financiamiento
A11: 1-Gastos en Personal
A12: 2-Bienes de consumo
A13: 3-Servicios no personales
A14: 4-Bienes de uso
A15: 5-Transferencias
A16: 6-Activos Financieros
... A20: 42-Construcciones

Sheet AADC
A1: Volver al Índice
A3: Acto Administrativo Distribución de Recursos y Gastos
A5: Acto Admin.:
A8: DISTRIBUCIÓN ANALITICA DE GASTOS
A10: Inciso | B10: Montos
A11: 1-Gastos en Personal
A12: 2-Bienes de consumo
A13: 3-Servicios no personales
A14: 4-Bienes de uso
A15: 5-Transferencias
A16: 6-Activos Financieros
A17: 7-Servicios Deuda
A18: 8-Otros Gastos
A19: 9-Gastos Figurativos
A20: 42-Construcciones
A21: Totales | B21: =+SUM(B11:B20) -> 0
A24: DISTRIBUCIÓN ANALITICA DE RECURSOS
A27: Partida | B27: Denominación | C27: 2023
A28: 1 | B28: RUBRO I
A29: 1 1 | B29: Ingresos tributarios
A30: 1 1 1 | B30: Sobre los Ingresos
A31: 1 1 1 1 | B31: Ganancias
A32: 1 1 1 1 1 | B32: Gan. Ley N.º 23.548 – Rentas Generales
A33: 1 1 1 1 2 | B33: Gan. Ley N.º 23.548 – Copa. Municipios
A34: 1 1 1 1 3 | B34: Gan. Ley N.º 24.073 – Fdo. Infra. Básica
A35: 1 1 1 1 9 | B35: Ganancias – Otras Afectaciones
A36: 1 1 1 2 | B36: Ganancia Mínima Presunta
A37: 1 1 1 2 1 | B37: Gan. Mín. Pres. Ley N.º 23.548 – Rentas Gen.
A38: 1 1 1 2 2 | B38: Gan. Mín. Pres. Ley N.º 23.548 – Copar.
A39: 1 1 1 2 9 | B39: Gan. Mín. Pres. – Otras Afectaciones
A40: 1 1 1 3 | B40: Premios Juegos de Azar y Conc. Deportivos
... A463: 1 7 6 2 7 | B463: De Org. Int. - Corporación andina de fomento
A464: 2 | B464: RUBRO II
A465: 2 1 | B465: Recursos propios de capital
A466: 2 1 1 | B466: Venta de Bienes
A467: 2 1 1 1 | B467: Venta de Tierras y Terrenos
A468: 2 1 1 1 1 | B468: Venta de Tierras y Terrenos
A469: 2 1 1 2 | B469: Venta de Edificios e Instalaciones
A470: 2 1 1 3 | B470: Venta de Maquinarias y Equipos
A471: 2 1 1 4 | B471: Ventas de Activos Intangibles
A472: 2 1 1 5 | B472: Ventas de Equipos de Seguridad
A473: 2 1 1 9 | B473: Ventas de Otros Bienes
A474: 2 1 3 | B474: Amortizaciones y Depreciaciones
A475: 2 1 3 1 | B475: Depreciación Acumulada
A476: 2 1 3 2 | B476: Amortización Acumulada
... A534: 2 2 6 2 3 | B534: De ort. Int. Europeaid Financiamiento 177
A535: 3 | B535: RUBRO III
A536: 3 1 | B536: Venta de títulos y valores
A537: 3 1 1 | B537: Venta de Títulos y Valores de Corto Plazo
A538: 3 1 2 | B538: Venta de Títulos y Valores de Largo Plazo
A539: 3 1 2 1 | B539: Venta de Títulos y Valores de Largo Plazo Bonos Nacionales
A540: 3 2 | B540: Venta de acciones y participaciones de capital
A541: 3 2 1 | B541: De Empresas Privadas
A542: 3 2 2 | B542: De Instituciones Públicas Financieras
A543: 3 2 3 | B543: De Empresas Públicas no Financieras
A544: 3 2 4 | B544: De Empresas Públicas Multinacionales
A545: 3 2 5 | B545: De Organismos Internacionales
A546: 3 2 6 | B546: De Otras Empresas del Sector Externo
A547: 3 3 | B547: Recupero prestamos de corto plazo
... A728: 3 9 3 4 | B728: Incremento de Rtdo. INFUETUR
A729: 4 | B729: RUBRO IV
A730: 4 1 | B730: Contribuciones figurativas
A731: 4 1 1 | B731: Contrib. Fig. Para Financiar Gastos Corrientes
A732: 4 1 1 1 | B732: Contrib. Admin. Central p/ Financiar Gs. Corrientes
A733: 4 1 1 2 | B733: Contrib. Instit. Descent. p/ Financiar Gs. Corrientes
A734: 4 1 1 3 | B734: Contrib. Instit. Seg. Social p/ financiar Gs. Corrientes
A735: 4 1 2 | B735: Contrib. Fig. p/ Financiar Gastos De Capital
A736: 4 1 2 1 | B736: Contrib. Admin. Central p/ Financiar Gs. de Capital
A737: 4 1 2 2 | B737: Contrib. Instit. Descent. P/ financiar Gastos de Capital
A738: 4 1 2 3 | B738: Contrib. Instit. Seg.Social p/ financiar Gs. de Capital
A739: 4 1 3 | B739: Contrib. Fig. Para Financiar Aplicaciones Financieras
A740: 4 1 3 1 | B740: Contrib. Admin. Central p/ Financiar Aplic. Finan.
A741: 4 1 3 2 | B741: Contrib. Instit. Descent. p/ Financiar Aplic. Finan.
A742: 4 1 3 3 | B742: Contrib. Instit. Seg. Social p/ financiar Aplic. Financ.

Sheet MPG
A1: Volver al Índice
A3: Modificaciones presupuestarias gastos
A5: Análisis de los actos administrativos que autorizaron incrementos y/o modificaciones en los créditos presupuestarios aprobados.
A6: Nota: agregar columnas de ser necesario. Aumentos con signo positivo - Disminuciones signo negativo
D8: Fojas | E8: Fojas | F8: Fojas | G8: Fojas | H8: Fojas | I8: Fojas | J8: Fojas | K8: Fojas
A10: Cód. Gasto | B10: Gasto | C10: Cr. Original Ley ….. | D10: Acto Adm. | E10: Acto Adm. | F10: Acto Adm. | G10: Acto Adm. | H10: Acto Adm. | I10: Acto Adm. | J10: Acto Adm. | K10: Acto Adm. | L10: Cr. Vigente (c/Modific.)
A11: 10000 | B11: GASTOS EN PERSONAL | C11: =+SUM(C12:C17) -> 0 | D11: =+SUM(D12:D17) -> 0 | E11: =+SUM(E12:E17) -> 0 | F11: =+SUM(F12:F17) -> 0 | G11: =+SUM(G12:G17) -> 0 | H11: =+SUM(H12:H17) -> 0 | I11: =+SUM(I12:I17) -> 0 | J11: =+SUM(J12:J17) -> 0 | K11: =+SUM(K12:K17) -> 0 | L11: =+SUM(C11:K11) -> 0
A12: 10100 | B12: Personal permanente | L12: =+SUM(C12:K12) -> 0
A13: 10200 | B13: Personal Temporario | L13: =+SUM(C13:K13) -> 0
A14: 10300 | B14: Servicios extraordinarios | L14: =+SUM(C14:K14) -> 0
A15: 10400 | B15: Asignaciones familiares | L15: =+SUM(C15:K15) -> 0
A16: 10500 | B16: Asistencia social al personal | L16: =+SUM(C16:K16) -> 0
A17: 10600 | B17: Beneficios y compensaciones | L17: =+SUM(C17:K17) -> 0
A18: 20000 | B18: BIENES DE CONSUMO | C18: =+SUM(C19:C27) -> 0 | D18: =+SUM(D19:D27) -> 0 | E18: =+SUM(E19:E27) -> 0 | F18: =+SUM(F19:F27) -> 0 | G18: =+SUM(G19:G27) -> 0 | H18: =+SUM(H19:H27) -> 0 | I18: =+SUM(I19:I27) -> 0 | J18: =+SUM(J19:J27) -> 0 | K18: =+SUM(K19:K27) -> 0 | L18: =+SUM(C18:K18) -> 0
A19: 20100 | B19: Productos alimenticios, agropecuarios y forestales | L19: =+SUM(C19:K19) -> 0
A20: 20200 | B20: Textiles y vestuario | L20: =+SUM(C20:K20) -> 0
A21: 20300 | B21: Productos de papel, cartón e impresos | L21: =+SUM(C21:K21) -> 0
A22: 20400 | B22: Productos de cuero y caucho | L22: =+SUM(C22:K22) -> 0
A23: 20500 | B23: Productos químicos, combustibles y lubricantes | L23: =+SUM(C23:K23) -> 0
A24: 20600 | B24: Productos de minerales no metálicos | L24: =+SUM(C24:K24) -> 0
A25: 20700 | B25: Productos metálicos | L25: =+SUM(C25:K25) -> 0
A26: 20800 | B26: Minerales | L26: =+SUM(C26:K26) -> 0
A27: 20900 | B27: Otros bienes de consumo | L27: =+SUM(C27:K27) -> 0
A28: 30000 | B28: SERVICIOS NO PERSONALES | C28: =+SUM(C29:C37) -> 0 | D28: =+SUM(D29:D37) -> 0 | E28: =+SUM(E29:E37) -> 0 | F28: =+SUM(F29:F37) -> 0 | G28: =+SUM(G29:G37) -> 0 | H28: =+SUM(H29:H37) -> 0 | I28: =+SUM(I29:I37) -> 0 | J28: =+SUM(J29:J37) -> 0 | K28: =+SUM(K29:K37) -> 0 | L28: =+SUM(C28:K28) -> 0
A29: 30100 | B29: Servicios básicos | L29: =+SUM(C29:K29) -> 0
A30: 30200 | B30: Alquileres y derechos | L30: =+SUM(C30:K30) -> 0
A31: 30300 | B31: Mantenimiento, reparación y limpieza | L31: =+SUM(C31:K31) -> 0
A32: 30400 | B32: Servicios técnicos y profesionales | L32: =+SUM(C32:K32) -> 0
A33: 30500 | B33: Servicios comerciales y financieros | L33: =+SUM(C33:K33) -> 0
A34: 30600 | B34: Publicidad y propaganda | L34: =+SUM(C34:K34) -> 0
A35: 30700 | B35: Pasajes y viáticos | L35: =+SUM(C35:K35) -> 0
A36: 30800 | B36: Impuestos, derechos y tasas, multas, regalías y juicios | L36: =+SUM(C36:K36) -> 0
A37: 30900 | B37: Otros Servicios | L37: =+SUM(C37:K37) -> 0
A38: 40000 | B38: BIENES DE USO | C38: =+SUM(C39:C46) -> 0 | D38: =+SUM(D39:D46) -> 0 | E38: =+SUM(E39:E46) -> 0 | F38: =+SUM(F39:F46) -> 0 | G38: =+SUM(G39:G46) -> 0 | H38: =+SUM(H39:H46) -> 0 | I38: =+SUM(I39:I46) -> 0 | J38: =+SUM(J39:J46) -> 0 | K38: =+SUM(K39:K46) -> 0 | L38: =+SUM(C38:K38) -> 0
A39: 40100 | B39: Bienes Preexistentes | L39: =+SUM(C39:K39) -> 0
A40: 40200 | B40: Construcciones | L40: =+SUM(C40:K40) -> 0
A41: 40300 | B41: Maquinaria y equipo | L41: =+SUM(C41:K41) -> 0
A42: 40400 | B42: Equipo de seguridad | L42: =+SUM(C42:K42) -> 0
A43: 40500 | B43: Libros, revistas y otros elementos coleccionables | L43: =+SUM(C43:K43) -> 0
A44: 40600 | B44: Obras de arte | L44: =+SUM(C44:K44) -> 0
A45: 40700 | B45: Semovientes | L45: =+SUM(C45:K45) -> 0
A46: 40800 | B46: Activos intangibles | L46: =+SUM(C46:K46) -> 0
A47: 50000 | B47: TRANSFERENCIAS | C47: =+SUM(C48:C56) -> 0 | D47: 0 | E47: 0 | F47: 0 | G47: 0 | H47: 0 | I47: 0 | J47: 0 | K47: 0 | L47: =+SUM(C47:K47) -> 0
A48: 50100 | B48: Transferencias al Sector Privado p/ financiar Gastos Corrientes | L48: =+SUM(C48:K48) -> 0
A49: 50200 | B49: Transferencias al Sector Privado p/ financiar Gastos de Capital | L49: =+SUM(C49:K49) -> 0
A50: 50300 | B50: Transf. al Sector Público Nacional p/ financiar Gs. Corrientes | L50: =+SUM(C50:K50) -> 0
A51: 50400 | B51: Transf. al Sector Público Nacional p/ financiar Gs. de Capital | L51: =+SUM(C51:K51) -> 0
A52: 50500 | B52: Transferencias a otras entidades del Sector Público empresarial | L52: =+SUM(C52:K52) -> 0
A53: 50600 | B53: Trasferencias a universidades Nacionales | L53: =+SUM(C53:K53) -> 0
A54: 50700 | B54: Trasferencias a Inst. Prov y Munic. para financiar Gastos Corrientes | L54: =+SUM(C54:K54) -> 0
A55: 50800 | B55: Trasferencias a Inst. Prov. y Munic. para financiar Gs de capital | L55: =+SUM(C55:K55) -> 0
A56: 50900 | B56: Transferencias al Exterior | L56: =+SUM(C56:K56) -> 0
A57: 60000 | B57: ACTIVOS FINANCIEROS | C57: =+SUM(C58:C65) -> 0 | D57: =+SUM(D58:D65) -> 0 | E57: =+SUM(E58:E65) -> 0 | F57: =+SUM(F58:F65) -> 0 | G57: =+SUM(G58:G65) -> 0 | H57: =+SUM(H58:H65) -> 0 | I57: =+SUM(I58:I65) -> 0 | J57: =+SUM(J58:J65) -> 0 | K57: =+SUM(K58:K65) -> 0 | L57: =+SUM(C57:K57) -> 0
A58: 60100 | B58: Compra de Acciones y Aportes de capital | L58: =+SUM(C58:K58) -> 0
A59: 60200 | B59: Prestamos a corto plazo | L59: =+SUM(C59:K59) -> 0
A60: 60300 | B60: Préstamos a largo plazo | L60: =+SUM(C60:K60) -> 0
A61: 60400 | B61: Títulos y valores | L61: =+SUM(C61:K61) -> 0
A62: 60500 | B62: Incremento de disponibilidades | L62: =+SUM(C62:K62) -> 0
A63: 60600 | B63: Incremento de cuentas a cobrar | L63: =+SUM(C63:K63) -> 0
A64: 60700 | B64: Incremento de documentos a cobrar | L64: =+SUM(C64:K64) -> 0
A65: 60800 | B65: Incremento de activos diferidos y adelantos a proveed. y contratista | L65: =+SUM(C65:K65) -> 0
A66: 70000 | B66: SERVICIO DE LA DEUDA Y DISMINUCIÓN DE OTROS PASIVOS | C66: =+SUM(C67:C75) -> 0 | D66: =+SUM(D67:D75) -> 0 | E66: =+SUM(E67:E75) -> 0 | F66: =+SUM(F67:F75) -> 0 | G66: =+SUM(G67:G75) -> 0 | H66: =+SUM(H67:H75) -> 0 | I66: =+SUM(I67:I75) -> 0 | J66: =+SUM(J67:J75) -> 0 | K66: =+SUM(K67:K75) -> 0 | L66: =+SUM(C66:K66) -> 0
A67: 70100 | B67: Servicio de la deuda interna | L67: =+SUM(C67:K67) -> 0
A68: 70200 | B68: Servicio de la deuda externa | L68: =+SUM(C68:K68) -> 0
A69: 70300 | B69: Intereses por préstamos recibidos | L69: =+SUM(C69:K69) -> 0
A70: 70400 | B70: Disminución de préstamos a corto plazo | L70: =+SUM(C70:K70) -> 0
A71: 70500 | B71: Disminución de préstamos a largo plazo | L71: =+SUM(C71:K71) -> 0
A72: 70600 | B72: Disminución de cuentas y documentos a pagar | L72: =+SUM(C72:K72) -> 0
A73: 70700 | B73: Disminución de depósitos en instituciones públicas financieras | L73: =+SUM(C73:K73) -> 0
A74: 70800 | B74: Disminución de otros pasivos | L74: =+SUM(C74:K74) -> 0
A75: 70900 | B75: Conversión de la deuda | L75: =+SUM(C75:K75) -> 0
A76: 80000 | B76: OTROS GASTOS | C76: =+SUM(C77:C81) -> 0 | D76: =+SUM(D77:D81) -> 0 | E76: =+SUM(E77:E81) -> 0 | F76: =+SUM(F77:F81) -> 0 | G76: =+SUM(G77:G81) -> 0 | H76: =+SUM(H77:H81) -> 0 | I76: =+SUM(I77:I81) -> 0 | J76: =+SUM(J77:J81) -> 0 | K76: =+SUM(K77:K81) -> 0 | L76: =+SUM(C76:K76) -> 0
A77: 80100 | B77: Intereses de Instituciones Publicas Financieras | L77: =+SUM(C77:K77) -> 0
A78: 80200 | B78: Depreciación y amortización | L78: =+SUM(C78:K78) -> 0
A79: 80300 | B79: Descuentos y bonificaciones | L79: =+SUM(C79:K79) -> 0
A80: 80400 | B80: Otras pérdidas | L80: =+SUM(C80:K80) -> 0
A81: 80500 | B81: Disminución del patrimonio | L81: =+SUM(C81:K81) -> 0
A82: 90000 | B82: GASTOS FIGURATIVOS | C82: 0 | D82: 0 | E82: 0 | F82: 0 | L82: =+SUM(C82:K82) -> 0
A83: 990000 | C83: =+C82+C76+C66+C57+C47+C38+C28+C18+C11 -> 0 | D83: =+D82+D76+D66+D57+D47+D38+D28+D18+D11 -> 0 | E83: =+E82+E76+E66+E57+E47+E38+E28+E18+E11 -> 0 | F83: =+F82+F76+F66+F57+F47+F38+F28+F18+F11 -> 0 | G83: =+G82+G76+G66+G57+G47+G38+G28+G18+G11 -> 0 | H83: =+H82+H76+H66+H57+H47+H38+H28+H18+H11 -> 0 | I83: =+I82+I76+I66+I57+I47+I38+I28+I18+I11 -> 0 | J83: =+J82+J76+J66+J57+J47+J38+J28+J18+J11 -> 0 | K83: =+K82+K76+K66+K57+K47+K38+K28+K18+K11 -> 0 | L83: =+SUM(C83:K83) -> 0

Sheet MPR
A1: Volver al Índice
A3: Modificaciones presupuestarias recursos
A5: Nota: agregar columnas de ser necesario
D7: Fojas | E7: Fojas | F7: Fojas | G7: Fojas
A9: Cód. Gasto | B9: Gasto | C9: Formulado Ley …...y Dto Dist | D9: Acto Adm (Detalle) | E9: Acto Adm (Detalle) | F9: Acto Adm (Detalle) | G9: Acto Adm (Detalle) | H9: Form. (c/Modific.)
A10: 100000000 | B10: RECURSOS | C10: =SUM(C11:C17) -> 0 | D10: =SUM(D11:D17) -> 0 | E10: =SUM(E11:E17) -> 0 | F10: =SUM(F11:F17) -> 0 | G10: =SUM(G11:G17) -> 0 | H10: =+C10+D10-E10+F10-G10 -> 0
A11: 101000000 | B11: INGRESOS TRIBUTARIOS | C11: 0 | D11: 0 | E11: 0 | F11: 0 | G11: 0 | H11: =+C11+D11-E11+F11-G11 -> 0
A12: 102000000 | B12: INGRESOS NO TRIBUTARIOS | C12: 0 | D12: 0 | E12: 0 | F12: 0 | G12: 0 | H12: =+C12+D12-E12+F12-G12 -> 0
A13: 103000000 | B13: CONTRIBUCIONES | C13: 0 | D13: 0 | E13: 0 | F13: 0 | G13: 0 | H13: =+C13+D13-E13+F13-G13 -> 0
A14: 104000000 | B14: VENTA DE BS. Y SERV. DE LA ADMINISTRACION PUBLICA | C14: 0 | D14: 0 | E14: 0 | F14: 0 | G14: 0 | H14: =+C14+D14-E14+F14-G14 -> 0
A15: 105000000 | B15: INGRESOS DE OPERACIÓN | C15: 0 | D15: 0 | E15: 0 | F15: 0 | G15: 0 | H15: =+C15+D15-E15+F15-G15 -> 0
A16: 106000000 | B16: RENTAS DE LA PROPIEDAD | C16: 0 | D16: 0 | E16: 0 | F16: 0 | G16: 0 | H16: =+C16+D16-E16+F16-G16 -> 0
A17: 107000000 | B17: TRANSFERENCIAS CORRIENTES | C17: 0 | D17: 0 | E17: 0 | F17: 0 | G17: 0 | H17: =+C17+D17-E17+F17-G17 -> 0
A18: 200000000 | B18: RECURSOS DE CAPITAL | C18: =SUM(C19:C20) -> 0 | D18: =SUM(D19:D20) -> 0 | E18: =SUM(E19:E20) -> 0 | F18: =SUM(F19:F20) -> 0 | G18: =SUM(G19:G20) -> 0 | H18: =+C18+D18-E18+F18-G18 -> 0
A19: 201000000 | B19: RECURSOS PROPIOS DE CAPITAL | C19: 0 | D19: 0 | E19: 0 | F19: 0 | G19: 0 | H19: =+C19+D19-E19+F19-G19 -> 0
A20: 202000000 | B20: TRANSFERENCIAS DE CAPITAL | C20: 0 | D20: 0 | E20: 0 | F20: 0 | G20: 0 | H20: =+C20+D20-E20+F20-G20 -> 0
A21: 300000000 | B21: FUENTES FINANCIERAS | C21: =SUM(C22:C30) -> 0 | D21: =SUM(D22:D30) -> 0 | E21: =SUM(E22:E30) -> 0 | F21: =SUM(F22:F30) -> 0 | G21: =SUM(G22:G30) -> 0 | H21: =+C21+D21-E21+F21-G21 -> 0
A22: 301000000 | B22: VENTA DE TITULOS Y VALORES | C22: 0 | D22: 0 | E22: 0 | F22: 0 | G22: 0 | H22: =+C22+D22-E22+F22-G22 -> 0
A23: 302000000 | B23: VENTA DE ACCIONES Y PARTICIPACIONES DE CAPITAL | C23: 0 | D23: 0 | E23: 0 | F23: 0 | G23: 0 | H23: =+C23+D23-E23+F23-G23 -> 0
A24: 303000000 | B24: RECUPERACION DE PRESTAMOS DE CORTO PLAZO | C24: 0 | D24: 0 | E24: 0 | F24: 0 | G24: 0 | H24: =+C24+D24-E24+F24-G24 -> 0
A25: 304000000 | B25: RECUPERACION DE PRESTAMOS DE LARGO PLAZO | C25: 0 | D25: 0 | E25: 0 | F25: 0 | G25: 0 | H25: =+C25+D25-E25+F25-G25 -> 0
A26: 305000000 | B26: DISMINUCIÓN DE OTROS ACTIVOS FINANCIEROS | C26: 0 | D26: 0 | E26: 0 | F26: 0 | G26: 0 | H26: =+C26+D26-E26+F26-G26 -> 0
A27: 306000000 | B27: ENDEUDAMIENTO PUBLICO | C27: 0 | D27: 0 | E27: 0 | F27: 0 | G27: 0 | H27: =+C27+D27-E27+F27-G27 -> 0
A28: 307000000 | B28: OBTENCIÓN DE PRESTAMOS | C28: 0 | D28: 0 | E28: 0 | F28: 0 | G28: 0 | H28: =+C28+D28-E28+F28-G28 -> 0
A29: 308000000 | B29: INCREMENTO DE OTROS PASIVOS | C29: 0 | D29: 0 | E29: 0 | F29: 0 | G29: 0 | H29: =+C29+D29-E29+F29-G29 -> 0
A30: 309000000 | B30: INCREMENTO DEL PATRIMONIO | C30: 0 | D30: 0 | E30: 0 | F30: 0 | G30: 0 | H30: =+C30+D30-E30+F30-G30 -> 0
A31: 400000000 | B31: CONTRIBUCIONES FIGURATIVAS | C31: =SUM(C32:C34) -> 0 | D31: =SUM(D32:D34) -> 0 | E31: =SUM(E32:E34) -> 0 | F31: =SUM(F32:F34) -> 0 | G31: =SUM(G32:G34) -> 0 | H31: =+C31+D31-E31+F31-G31 -> 0
A32: 401000000 | B32: CONTRIBUCIONES FIGURATIVAS PARA FINANCIAR GASTOS CORRIENTES | C32: 0 | D32: 0 | E32: 0 | F32: 0 | G32: 0 | H32: =+C32+D32-E32+F32-G32 -> 0
A33: 402000000 | B33: CONTRIBUCIONES FIGURATIVAS PARA FINANCIAR GASTOS DE CAPITAL | C33: 0 | D33: 0 | E33: 0 | F33: 0 | G33: 0 | H33: =+C33+D33-E33+F33-G33 -> 0
A34: 403000000 | B34: CONTRIBUCIONES FIGURATIVAS PARA FINANCIAR APLICACIONES FCRAS | C34: 0 | D34: 0 | E34: 0 | F34: 0 | G34: 0 | H34: =+C34+D34-E34+F34-G34 -> 0
B35: TOTALES | C35: =SUM(C10,C18,C21,C31) -> 0 | D35: =SUM(D10,D18,D21,D31) -> 0 | E35: =SUM(E10,E18,E21,E31) -> 0 | F35: =SUM(F10,F18,F21,F31) -> 0 | G35: =SUM(G10,G18,G21,G31) -> 0 | H35: =+C35+D35-E35+F35-G35 -> 0

Sheet Anexo IV ESP
B1: Volver al Índice | C1: Fojas
B3: ANEXO IV - RESOLUCIÓN CGP N.º 163/21
B5: ESTADO DE SITUACIÓN PATRIMONIAL AL 31/12/20..
C7: 31/12/20.. | D7: 31/12/20..
B8: ACTIVO
B9: ACTIVO CORRIENTE
B10: Disponibilidades
B11: Inversiones Financieras
B12: Créditos
B13: Bienes de cambio y/o consumo
B14: Otros Activos
B15: ACTIVO NO CORRIENTE
B16: Inversiones a largo plazo
B17: Créditos a largo plazo
B18: Bienes de Uso
B19: Bienes Intangibles
... B41: Fuente:
B42: =+CONCATENATE(Datos!D7," de fecha ",Datos!D8," suscripta por ",Datos!D9," en su carácter de ",Datos!D10) -> Disposici Nº 124/2024 de fecha 31/03/2024 suscripta por sucre en su carácter de Presidente | F42: La leyenda se autocompleta desde la solapa datos
B43: =+CONCATENATE("Los datos informados son una fiel transcripción de los estados contables básicos presentados por el siguiente organismo: ",Datos!D3," en en el expediente ",Datos!D4) -> Los datos informados son una fiel transcripción de los estados contables básicos presentados por el siguiente organismo: Fiscalia de estado en en el expediente 164-TCP-2023
B44: Firmado por quien suscribe sólo a los efectos de su identificación con el incorporado al Expediente Nº 143-TCP-2023
B47: Zona check
B48: ACTIVO CORRIENTE | C48: =+C9-SUM(C10:C14) -> 0 | D48: =+D9-SUM(D10:D14) -> 0
B49: ACTIVO NO CORRIENTE | C49: =+C15-SUM(C16:C20) -> 0 | D49: =+D15-SUM(D16:D20) -> 0
B50: TOTAL ACTIVO | C50: =+C21-C15-C9 -> 0 | D50: =+D21-D15-D9 -> 0
B51: PASIVO CORRIENTE | C51: =+C24-SUM(C25:C29) -> 0 | D51: =+D24-SUM(D25:D29) -> 0
B52: PASIVO NO CORRIENTE | C52: =+C30-SUM(C31:C34) -> 0 | D52: =+D30-SUM(D31:D34) -> 0
B53: TOTAL PASIVO | C53: =+C35-C30-C24 -> 0 | D53: =+D35-D30-D24 -> 0
B54: TOTAL PASIVO + PATRIMONIO NETO | C54: =+C39-C35-C37 -> 0 | D54: =+D39-D35-D37 -> 0

Sheet Anexo IV ERec 
B1: Volver al Índice | C1: Fojas
B3: ANEXO IV - RESOLUCIÓN CGP N.º 163/21
B5: ESTADO DE RECURSOS Y GASTOS AL 31/12/20..
C7: 31/12/20.. | D7: 31/12/20..
D8: (ejer anterior) | F8: Matriz Conversión
B9: RECURSOS | F9: Anexo | G9: Rubros
B10: INGRESOS CORRIENTES
B11: Ingresos tributarios | F11: Anexo V - Cuadro 9 | G11: 1 1 0 - 1 1 4 | H11: 1 1 4: No se desglosa en el Estado de Recursos y Gastos
B12: Impuestos sobre los ingresos, las utilidades y las ganancias de capital | F12: Anexo V - Cuadro 9 | G12: 1 1 1
B13: Impuestos sobre la propiedad patrimonio | F13: Anexo V - Cuadro 9 | G13: 1 1 2
B14: Impuestos sobre producción, el consumo y transacciones | F14: Anexo V - Cuadro 9 | G14: 1 1 3
B15: Impuestos sobre el comercio exterior y transacciones internacionales | F15: -
B16: Régimen de Coparticipación Federal | F16: Anexo V - Cuadro 9 | G16: 1 1 5
B17: Régimenes especiales | F17: Anexo V - Cuadro 9 | G17: 1 1 6 - 1 1 7
B18: Otros impuestos | F18: -
B19: Ingresos no tributarios | F19: Anexo V - Cuadro 9 | G19: 1 2 0
B20: Tasas y tarifas | F20: Anexo V - Cuadro 9 | G20: 1 2 1
B21: Derechos | F21: Anexo V - Cuadro 9 | G21: 1 2 2
B22: Primas | F22: Anexo V - Cuadro 9 | G22: 1 2 3
B23: Regalías | F23: Anexo V - Cuadro 9 | G23: 1 2 4
B24: Alquileres | F24: Anexo V - Cuadro 9 | G24: 1 2 5
B25: Multas | F25: Anexo V - Cuadro 9 | G25: 1 2 6
B26: Otros ingresos | F26: Anexo V - Cuadro 9 | G26: 1 2 9
B27: Contribuciones sociales | F27: Anexo V - Cuadro 9 | G27: 1 3 0
B28: Contribuciones a la seguridad social | F28: Anexo V - Cuadro 9 | G28: 1 3 1 - 1 3 2
B29: Otras Contribuciones sociales | F29: Anexo V - Cuadro 9 | G29: 1 3 3
B30: Venta de bienes y servicios | F30: Anexo V - Cuadro 9 | G30: 1 4 0
... B32: Venta de servicios | F32: Anexo V - Cuadro 9 | G32: 1 4 2
B33: Otras ventas de bienes y servicios
B34: Ingresos de operación | F34: Anexo V - Cuadro 9 | G34: 1 5 0
B35: Venta de bienes | F35: Anexo V - Cuadro 9 | G35: 1 5 1 - 1 5 9
B36: Venta de servicios | F36: Anexo V - Cuadro 9 | G36: 1 5 2
B37: Otros ingresos de operación | F37: Anexo V - Cuadro 9 | G37: 1 5 3
B38: Rentas de la propiedad | F38: Anexo V - Cuadro 9 | G38: 1 6 0
B39: Rentas de inversiones y de colocación de efectivo | F39: Anexo V - Cuadro 9 | G39: 1 6 1 - 1 6 2 - 1 6 3 - 1 6 4
B40: Alquileres y derechos sobre bienes | F40: Anexo V - Cuadro 9 | G40: 1 6 5 - 1 6 6
B41: Otros ingresos de Propiedad
B42: Transferencias | F42: Anexo V - Cuadro 9 | G42: 1 7 0 - 2 2 0
B43: Transferencias del Sector Privado | F43: Anexo V - Cuadro 9 | G43: 1 7 1 - 2 2 1
B44: Transferencias del Sector Público | F44: Anexo V - Cuadro 9 | G44: 1 7 2 - 1 7 3 - 1 7 4 - 1 7 5 - 2 2 2 - 2 2 3 - 2 2 4 - 2 2 5 | H44: 1 7 5: Transferencia del sector público provincial para gastos corrientes no se desglosa en el Estado de Recursos y Gastos
B45: Transferencias del Sector Externo | F45: Anexo V - Cuadro 9 | G45: 1 7 6 - 2 2 6
B46: Otras transferencias
B47: Otros ingresos
B48: Resultados positivos por tenencia
B49: Resultados por exposición a la inflación
B50: Resultados por ventas de inversiones
B51: Resultados por ventas de activos fijos e intangibles
B52: Resultados por ventas de otros activos
B53: Otros ingresos y resultados positivos
B54: Contribuciones intra - sector público recibidas
B55: Contribuciones recibidas | F55: Anexo V - Cuadro 9 | G55: 4 1 0
B56: Contribuciones corrientes | F56: Anexo V - Cuadro 9 | G56: 4 1 1
B57: Contribuciones de capital | F57: Anexo V - Cuadro 9 | G57: 4 1 2
B58: Contribuciones para aplicaciones financieras | F58: Anexo V - Cuadro 9 | G58: 4 1 3
B60: =+'Anexo IV ESP'!B41 -> Fuente: | F60: La leyenda se autocompleta desde la solapa datos | H60: 2 1 1 - 2 1 3 Venta de Bs de Capital. No desglosado en Estado de Recursos y gastos
B61: =+'Anexo IV ESP'!B42 -> Disposici Nº 124/2024 de fecha 31/03/2024 suscripta por sucre en su carácter de Presidente
B62: =+'Anexo IV ESP'!B43 -> Los datos informados son una fiel transcripción de los estados contables básicos presentados por el siguiente organismo: Fiscalia de estado en en el expediente 164-TCP-2023
B63: =+'Anexo IV ESP'!B44 -> Firmado por quien suscribe sólo a los efectos de su identificación con el incorporado al Expediente Nº 143-TCP-2023
B66: Zona check
B67: Recursos | C67: =+C9-C11-C19-C27-C30-C34-C38-C42-C47-C54-C55 -> 0 | D67: =+D9-D11-D19-D27-D30-D34-D38-D42-D47-D54-D55 -> 0
B68: Ingresos tributarios | C68: =+C11-SUM(C12:C18) -> 0 | D68: =+D11-SUM(D12:D18) -> 0
B69: Ingresos no tributarios | C69: =+C19-SUM(C20:C26) -> 0 | D69: =+D19-SUM(D20:D26) -> 0
B70: Contribuciones sociales | C70: =+C27-SUM(C28:C29) -> 0 | D70: =+D27-SUM(D28:D29) -> 0
B71: Venta de bienes y servicios | C71: =+C30-SUM(C31:C33) -> 0 | D71: =+D30-SUM(D31:D33) -> 0
B72: Ingresos de operación | C72: =+C34-SUM(C35:C37) -> 0 | D72: =+D34-SUM(D35:D37) -> 0
B73: Rentas de la propiedad | C73: =+C38-SUM(C39:C41) -> 0 | D73: =+D38-SUM(D39:D41) -> 0
B74: Transferencias | C74: =+C42-SUM(C43:C45) -> 0 | D74: =+D42-SUM(D43:D45) -> 0
B75: Otros ingresos | C75: =+C47-SUM(C48:C53) -> 0 | D75: =+D47-SUM(D48:D53) -> 0
B76: Contribuciones recibidas | C76: =+C55-SUM(C56:C58) -> 0 | D76: =+D55-SUM(D56:D58) -> 0

Sheet Anexo IV EGs
